 Dungeon Crawl Stone Soup version 0.32-a0-630-g46d191b0ed (webtiles) character file.

Game seed: 10288025154206441866

2415496 mdonais the Merry Draconian (level 27, 273/273 HPs)
             Began as a White Draconian Wanderer on Mar 5, 2024.
             Was the Champion of Okawaru.
             Escaped with the Orb
             ... and 4 runes on Mar 6, 2024!
             The game lasted 04:22:10 (69661 turns).

mdonais the Merry Draconian (DrWn)                 Turns: 69661, Time: 04:22:10

Health: 273/273    AC: 20    Str: 26      XL:     27
Magic:  32/32      EV: 52    Int: 10 (11) God:    Okawaru [******]
Gold:   8698       SH:  0    Dex: 38      Spells: 28/30 levels left

rFire   + . .        a - +6 arbalest "Damnation" {damnation}
rCold   + + .        (shield currently unavailable)
rNeg    + . .        (body armour unavailable)
rPois   +            w - +2 hat {Int+3}
rElec   +            h - scarf of Greed {rC+ rF+, rElec rPois rCorr Str+8}
rCorr   +            J - +2 pair of gloves {infuse}
SInv    .            y - +1 pair of boots of Builiphou {Will++}
Will    ++++.        f - amulet of Hiry {rN+ Regen+ Dex+2}
Stlth   ++           t - +6 ring of dexterity
HPRegen 1.45/turn    q - +6 ring of dexterity
MPRegen 0.23/turn

%: random rage (3%), infuse magic (1 MP)
@: hasted, studying 2 skills, very quick
A: glacial breath, AC +13, unfitting armour, cold resistance 1, cold-blooded,
berserk 1, deterioration 1, dopey 1, low MP 1, inhibited regeneration,
persistent drain
0: Orb of Zot
}: 4/15 runes: serpentine, barnacled, slimy, silver
a: Glacial Breath, Renounce Religion, Heroism, Finesse, Duel


You escaped.
You worshipped Okawaru.
Okawaru was exalted by your worship.
You visited 12 branches of the dungeon, and saw 56 of its levels.
You also visited: Trove, Ossuary, Bailey, Wizlab and Desolation.

You collected 11671 gold pieces.
You spent 2973 gold pieces at shops.

Inventory:

Hand Weapons
 a - the +6 arbalest "Damnation" (weapon) {damnation}
   (You found it on level 14 of the Dungeon)
 b - a +9 heavy longbow
   (Okawaru gifted it to you on level 2 of the Lair of Beasts)
Missiles
 F - 14 curare-tipped darts
 Z - 3 throwing nets {=!f}
Armour
 h - the scarf of Greed (worn) {rC+ rF+, rElec rPois rCorr Str+8}
   (Okawaru gifted it to you on level 2 of the Lair of Beasts)

   Str+8:     It affects your strength (+8).
   rElec:     It insulates you from electricity.
   rPois:     It protects you from poison.
   rCorr:     It protects you from acid and corrosion.
 w - a +2 hat of intelligence (worn)
   (You bought it in a shop on level 4 of the Snake Pit)
 y - the +1 pair of boots of Builiphou (worn) {Will++}
   (You bought it in a shop on level 4 of the Snake Pit)

   Will++:    It greatly increases your willpower.
 C - a +0 cloak of willpower
   (You took it off a draconian scorcher on level 4 of the Realm of Zot)
 J - a +2 pair of gloves of infusion (worn)
   (You found it in a treasure trove)
 R - the +4 pair of boots of the Unbroken {rPois Dex+2}
   (You found it in a treasure trove)

   Dex+2:     It affects your dexterity (+2).
   rPois:     It protects you from poison.
Jewellery
 f - the amulet of Hiry (around neck) {rN+ Regen+ Dex+2}
   (You found it on level 5 of the Pits of Slime)

   [amulet of regeneration]

   Dex+2:     It affects your dexterity (+2).
   rN+:       It protects you from negative energy.
   Regen+:    It increases your rate of health regeneration.
 q - a +6 ring of dexterity (right hand)
   (You found it on level 2 of the Dungeon)
 r - the ring of Conformity {rPois Will+ Dex+3}
   (You found it on level 3 of the Realm of Zot)

   [ring of poison resistance]

   Dex+3:     It affects your dexterity (+3).
   rPois:     It protects you from poison.
   Will+:     It increases your willpower.
 t - a +6 ring of dexterity (left hand)
   (You found it on level 1 of the Lair of Beasts)
 u - the ring "Maim" {Fly rN+ Will+ rCorr}
   (You found it in the Desolation of Salt)

   [ring of flight]

   rN+:       It protects you from negative energy.
   Will+:     It increases your willpower.
   Fly:       It grants you flight.
   rCorr:     It protects you from acid and corrosion.
 v - the ring of Womex {rN+ Int+4 SInv}
   (You bought it in a shop on level 2 of the Orcish Mines)

   [ring of see invisible]

   Int+4:     It affects your intelligence (+4).
   rN+:       It protects you from negative energy.
   SInv:      It lets you see invisible.
 z - the ring of Meocki Quxac {rPois rF+ MP+9 Int+4 Slay+3}
   (You took it off a guardian mummy on level 3 of the Crypt)

   [ring of protection from fire]

   Int+4:     It affects your intelligence (+4).
   Slay+3:    It affects your accuracy & damage with ranged weapons and melee
   (+3).
   rF+:       It protects you from fire.
   rPois:     It protects you from poison.
   MP+9:      It affects your magic capacity (+9).
Wands
 e - a wand of polymorph (27)
 A - a wand of acid (18)
   (You found it on level 4 of the Snake Pit)
 D - a wand of digging (24)
   (You found it on level 6 of the Dungeon)
 M - a wand of mindburst (34)
   (You found it on level 6 of the Dungeon)
 N - a wand of roots (49)
   (You found it on level 3 of the Lair of Beasts)
Scrolls
 g - 15 scrolls of fog
 l - 7 scrolls of poison
 m - 8 scrolls of fear
 x - 4 scrolls of immolation
 B - 6 scrolls of blinking
 G - a scroll of brand weapon
 L - 11 scrolls of vulnerability
 S - 2 scrolls of silence
 T - 25 scrolls of teleportation
Potions
 c - 6 potions of enlightenment
 d - 6 potions of mutation
 i - 17 potions of heal wounds
 j - 10 potions of cancellation
 k - 6 potions of might
 n - 8 potions of lignification
 o - 16 potions of attraction
 p - 6 potions of invisibility
 E - 3 potions of berserk rage
 O - 2 potions of resistance
 P - a potion of ambrosia
 Q - 34 potions of curing
Miscellaneous
 s - a lightning rod (4/4)
   (You found it on level 1 of the Vaults)
 U - a phial of floods
   (You found it on level 5 of the Vaults)
 Y - a tin of tremorstones (2/2)
   (You found it on level 3 of the Vaults)


   Skills:
 O Level 27 Fighting
 - Level 2.0 Short Blades
 O Level 27 Ranged Weapons
 - Level 2.0 Throwing
 O Level 27 Dodging
 - Level 8.0 Stealth
 - Level 2.0 Spellcasting
 - Level 4.0 Hexes
 + Level 19.1 Invocations
 + Level 9.8 Evocations


You had 28 spell levels left.
You knew the following spells:

 Your Spells              Type           Power      Damage    Failure   Level
a - Jinxbite              Hex            18%        N/A       9%          2

Your spell library contained the following spells:

 Spells                   Type           Power      Damage    Failure   Level
 Slow                     Hex            36%        N/A       6%          1
 Confusing Touch          Hex            9%         N/A       19%         3
 Sigil of Binding         Hex            9%         N/A       19%         3
 Ensorcelled Hibernation  Hex/Ice        10%        N/A       21%         2
 Apportation              Tloc           2%         N/A       30%         1
 Foxfire                  Conj/Fire      4%         2x1d4     30%         1
 Kiss of Death            Conj/Necr      4%         2d5       30%         1
 Magic Dart               Conj           4%         1d3       30%         1
 Necrotise                Necr           4%         1d4       30%         1
 Sting                    Conj/Alch      4%         1d3       30%         1
 Inner Flame              Hex/Fire       5%         N/A       38%         3
 Lesser Beckoning         Tloc           2%         N/A       43%         2
 Mercury Vapours          Alch/Air       2%         N/A       43%         2
 Searing Ray              Conj           2%         2d4       43%         2
 Sublimation of Blood     Necr           1%         N/A       43%         2
 Cause Fear               Hex            4%         N/A       52%         4
 Fugue of the Fallen      Necr           1%         N/A       67%         3
 Gell's Gravitas          Tloc           1%         N/A       67%         3
 Mephitic Cloud           Conj/Alch/Air  1%         N/A       67%         3
 Ozocubu's Armour         Ice            1%         N/A       67%         3
 Passwall                 Erth           1%         N/A       67%         3
 Teleport Other           Tloc           1%         N/A       67%         3
 Vampiric Draining        Necr           1%         2d6       67%         3
 Volatile Blastmotes      Fire/Tloc      2%         2d10      67%         3
 Anguish                  Hex/Necr       2%         N/A       80%         4
 Dimensional Bullseye     Hex/Tloc       2%         N/A       80%         4
 Brom's Barrelling Bould  Conj/Erth      1%         2d3       97%         4
 Dispel Undead            Necr           1%         3d6       97%         4
 Flame Wave               Conj/Fire      1%         2d4       97%         4
 Fulminant Prism          Conj/Alch      0%         3d5       97%         4
 Ignite Poison            Fire/Alch      1%         N/A       97%         4
 Iskenderun's Mystic Bla  Conj/Tloc      1%         2d3       97%         4
 Manifold Assault         Tloc           1%         N/A       97%         4
 Olgreb's Toxic Radiance  Alch           1%         N/A       97%         4
 Petrify                  Alch/Erth      1%         N/A       97%         4
 Sticky Flame             Fire/Alch      1%         2d4       97%         4
 Vhi's Electric Charge    Tloc/Air       2%         N/A       97%         4
 Metabolic Englaciation   Hex/Ice        2%         N/A       98%         5
 Yara's Violent Unravell  Hex/Alch       2%         3d3       98%         5
 Alistair's Intoxication  Alch           0%         N/A       100%        5
 Arcjolt                  Conj/Air       0%         1d10      100%        5
 Borgnjor's Vile Clutch   Necr/Erth      0%         N/A       100%        5
 Curse of Agony           Necr           1%         N/A       100%        5
 Fireball                 Conj/Fire      0%         3d3       100%        5
 Freezing Cloud           Conj/Ice/Air   0%         6-21      100%        5
 Irradiate                Conj/Alch      0%         3d11      100%        5
 Iskenderun's Battlesphe  Conj           1%         2d6       100%        5
 Bombard                  Conj/Erth      0%         9d1       100%        6
 Conjure Ball Lightning   Conj/Air       0%         3x3d6     100%        6
 Dispersal                Tloc           0%         N/A       100%        6
 Plasma Beam              Fire/Air       0%         2x1d10    100%        6
 Starburst                Conj/Fire      0%         6d3       100%        6
 Enfeeble                 Hex            4%         N/A       100%        7
 Orb of Destruction       Conj           0%         9d5       100%        7
 Ozocubu's Refrigeration  Ice            0%         4d7       100%        7
 Borgnjor's Revivificati  Necr           0%         N/A       100%        8
 Discord                  Hex            4%         N/A       100%        8
 Disjunction              Tloc           0%         N/A       100%        8
 Ignition                 Fire           0%         3d3       100%        8
 Death's Door             Necr           0%         N/A       100%        9
 Polar Vortex             Ice            0%         N/A       100%        9
 Call Canine Familiar     Summ           Unusable   N/A       N/A         3
 Summon Ice Beast         Ice/Summ       Unusable   N/A       N/A         3
 Martyr's Knell           Necr/Summ      Unusable   N/A       N/A         4
 Summon Blazeheart Golem  Fire/Summ      Unusable   N/A       N/A         4
 Sculpt Simulacrum        Ice/Alch       Unusable   N/A       N/A         6
 Haunt                    Necr/Summ      Unusable   N/A       N/A         7
 Spellforged Servitor     Conj/Summ      Unusable   N/A       N/A         7

Dungeon Overview and Level Annotations

Branches:
Dungeon (15/15)            Temple (1/1) D:5            Lair (5/5) D:8
 Shoals (4/4) Lair:2        Snake (4/4) Lair:2        Slime (5/5) Lair:4
    Orc (2/2) D:10            Elf (3/3) Orc:2        Vaults (5/5) D:13
  Crypt (3/3) Vaults:2       Tomb (0/3) Crypt:3      Depths (4/4) D:15
    Zot (5/5) Depths:4    Ossuary (visited)          Bailey (visited)
 WizLab (visited)         Desolation (visited)

Altars:
Ashenzari
Cheibriados
Dithmenos
Elyvilon
Fedhas
Gozag
Hepliaklqana
Kikubaaqudgha
Makhleb
Nemelex Xobeh
Okawaru
Qazlal
Ru
Sif Muna
Trog
Uskayaw
Vehumet
Wu Jian
Xom
Yredelemnul
Zin
The Shining One
Beogh

Shops:
D:3 *   D:5 *   D:6 [   D:9 [   Orc:2 =[?[   Elf:1 ?   Elf:3 *   Shoals:2 *
Snake:1 ==::   Snake:4 :([   Vaults:1 (   Vaults:3 :   Vaults:5 ???!(
Depths:2 *

Portals:
Hell: Depths:1 Depths:2 Depths:3 Depths:4
Abyss: Depths:3 Depths:4
Pandemonium: Depths:1 Depths:2
Ziggurat: Depths:2

Annotations:
Vaults:1 1 transporter
Vaults:3 5 transporters
Zot:4 Parghit


Innate Abilities, Weirdness & Mutations

You can breathe waves of cold which freeze foes solid.
Your icy white scales are hard. (AC +13)
You cannot fit into any form of body armour.
Your flesh is cold resistant. (rC+)
You are cold-blooded and may be slowed by cold attacks.
You sometimes lose your temper in combat.
Your body sometimes deteriorates upon taking damage.
You are dopey. (Int -2)
Your magical capacity is low. (-10% MP)
You do not regenerate when monsters are visible.
Your health recovers twice as slowly from being drained.


Message History

The damnation engulfs the Brimstone Fiend.
The Brimstone Fiend completely resists.
The Brimstone Fiend is heavily wounded.
You take 38 damage, and have 235/273 hp.
You shoot a damnation bolt.
The damnation bolt barely misses the Brimstone Fiend.
You shoot a damnation bolt.
The damnation bolt hits the Brimstone Fiend!!
The Brimstone Fiend is severely wounded.
The damnation bolt explodes!
The damnation engulfs the Brimstone Fiend.
The Brimstone Fiend completely resists.
The Brimstone Fiend is severely wounded.
A tormentor comes into view.
You shoot a damnation bolt.
The damnation bolt closely misses the Brimstone Fiend.
You shoot a damnation bolt.
The damnation bolt hits the Brimstone Fiend!!!
You kill the Brimstone Fiend!
Okawaru accepts your kill.
The damnation bolt explodes!
You shoot a damnation bolt.
The damnation bolt hits the tormentor!!!
You kill the tormentor!
Okawaru accepts your kill.
The damnation bolt explodes!
You regained 2 hp, and now have 237/273 hp.
No target in view!
No target in view!
There is a stone staircase leading up here.
You climb upwards.
There is a stone staircase leading down here.
HP restored.
A hellion comes into view.
Health restored: 273 You shoot a damnation bolt.
The damnation bolt hits the hellion!!
The hellion is severely wounded.
The damnation bolt explodes!
The damnation engulfs the hellion.
The hellion completely resists.
The hellion is severely wounded.
You shoot a damnation bolt.
The damnation bolt closely misses the hellion.
You shoot a damnation bolt.
The damnation bolt closely misses the hellion.
You shoot a damnation bolt. The damnation bolt hits the hellion!!
You kill the hellion!
Okawaru accepts your kill.
The damnation bolt explodes!
No target in view!
There is a stone staircase leading up, spattered with blood here.
You see here a quokka skeleton.
You climb upwards.
There is a stone staircase leading down here.
A hellephant comes into view.
The hellephant trumpets!
The hellephant blinks!
A golden eye comes into view.
You shoot a damnation bolt.
The damnation bolt hits the hellephant!!
The hellephant is lightly wounded.
The damnation bolt explodes!
The damnation engulfs the hellephant!
The hellephant is lightly wounded.
You shoot a damnation bolt. The damnation bolt hits the hellephant!
The hellephant is moderately wounded.
The damnation bolt explodes!
The damnation engulfs the hellephant!
The hellephant is moderately wounded.
The golden eye blinks!
A golden eye comes into view.
The hellephant completely misses you. The hellephant bites you!
The hellephant completely misses you.
You take 13 damage, and have 260/273 hp.
You shoot a damnation bolt.
The damnation bolt closely misses the hellephant.
The golden eye blinks at you. You resist with almost no effort.
The hellephant misses you. The hellephant barely misses you.
The hellephant completely misses you.
You shoot a damnation bolt.
The damnation bolt hits the hellephant!!!
The hellephant is severely wounded.
The damnation bolt explodes!
The damnation engulfs the hellephant!
The hellephant is severely wounded.
A golden eye comes into view.
The golden eye blinks at you. You resist with almost no effort.
The hellephant tramples you!
You stumble backwards!
A golden eye comes into view.
You take 15 damage, and have 245/273 hp.
You shoot a damnation bolt.
The damnation bolt hits the hellephant!!!
You kill the hellephant!
Okawaru accepts your kill.
The damnation bolt explodes!
The golden eye blinks!
The golden eye blinks at you. You resist with almost no effort.
The golden eye blinks at you. You resist with almost no effort.
You shoot a damnation bolt. The damnation bolt hits the golden eye!
The golden eye is heavily wounded.
The damnation bolt explodes!
The damnation engulfs the golden eye!!
You kill the golden eye!
Okawaru accepts your kill. The golden eye blinks at you.
You resist with almost no effort.
You shoot a damnation bolt.
The damnation bolt closely misses the golden eye.
You shoot a damnation bolt.
The damnation bolt hits the golden eye!!
You kill the golden eye!
Okawaru accepts your kill.
The damnation bolt explodes!
The golden eye blinks at you. You resist with almost no effort.
The golden eye blinks at you. You resist with almost no effort.
You shoot a damnation bolt.
The damnation bolt barely misses the golden eye.
The golden eye blinks at you. You resist with almost no effort.
You shoot a damnation bolt.
The damnation bolt hits the golden eye!!
You kill the golden eye!
Okawaru accepts your kill.
The damnation bolt explodes!
The golden eye blinks at you. You resist with almost no effort.
You shoot a damnation bolt.
The damnation bolt hits the golden eye!!!
You kill the golden eye!
Okawaru accepts your kill.
The damnation bolt explodes!
You regained 2 hp, and now have 247/273 hp.
No target in view!
You regained 2 hp, and now have 250/273 hp.
You regained 2 hp, and now have 253/273 hp.
There is a stone staircase leading up, spattered with blood here.
You climb upwards.
There is a stone staircase leading down here.
You regained 4 hp, and now have 259/273 hp.
You see here a +0 rapier.
There is a stone staircase leading up here.
You regained 13 hp, and now have 272/273 hp.
HP restored.
You climb upwards.
There is a stone staircase leading down here.
Health restored: 273 You feel yourself speed up.
You enter the shallow water.
Moving in this stuff is going to be slow.
There is a staircase leading out of the dungeon here.
You have escaped!

#..#....# #.# ##....#
.......## ##.##
##...# .......#
##P.P## #...#
..#...## ##P...P##
##### ......#
##P.....P## #.....##
##P...~...P########
#..#...#
#P...~~~..[.......#
......##
#P..~~~~~..P#####.#
###....#
#P..~~@~~..P# ##.####
#..######P..~~~~~..P#
#.....#
##...........~~~...P#
#.....#
#...#####P...~...P##
#.....# #..##
##P.....P## #.....#
##..## ##P...P##
#.>.^.# ###....#
##P.P## #######
#...##.## ##.##
#.#####.## #.#


There were no monsters in sight!

Vanquished Creatures
  the Royal Jelly (Slime:5)
  Frederick (Crypt:1)
  An ancient lich (Depths:4)
  2 dread liches
  6 orbs of fire
  Mara (Vaults:4)
  A juggernaut (Depths:2)
  Sojobo (Crypt:2)
  Xtahua (Vaults:5)
  Boris (twice) (Crypt:2 Crypt:3)
  A royal mummy (Crypt:3)
  6 Killer Klowns (Zot:5)
  Vv (Crypt:3)
  Saint Roka (Vaults:4)
  A pandemonium lord (Depths:3)
  7 caustic shrikes
  8 curse toes
  9 golden dragons
  3 bone dragons (Depths:4)
  Norris (Vaults:1)
  A shard shrike zombie (Crypt:1)
  A Brimstone Fiend (D:5)
  A Tzitzimitl (Depths:4)
  6 electric golems
  18 tentacled monstrosities
  A hellephant (D:3)
  A Hell Sentinel (Zot:1)
  28 Orb Guardians
  3 deep elf blademasters (Elf:2)
  6 liches
  2 walking divine tomes
  6 quicksilver dragons
  14 titans
  A walking earthen tome (Depths:3)
  21 acid blobs
  2 deep elf master archers (Elf:3)
  19 death cobs
  17 sphinxes
  2 ancient champions
  20 shadow dragons
  Polyphemus (Shoals:2)
  Kirke (D:14)
  9 tengu reavers
  Donald (Vaults:1)
  16 storm dragons
  11 azure jellies
  The ghost of Xuar the Eclecticist, an adept DjHW of Makhleb (Snake:2)
  3 revenants
  A protean progenitor (Zot:3)
  8 nagarajas
  14 rockslimes
  5 draconian knights
  8 draconian monks
  12 fire giants
  4 deep elf elementalists (Elf:3)
  12 vault wardens
  5 imperial myrmidons (Desolation)
  6 iron dragons
  6 draconian scorchers
  7 frost giants
  4 draconian stormcallers
  A balrug (Depths:2)
  5 deep elf sorcerers
  6 ghouls
  6 draconian shifters
  2 curse skulls
  5 ghost moths
  2 reapers
  10 quicksilver oozes
  2 spriggan defenders (Depths:2)
  5 orc warlords
  15 ironbound preservers
  13 draconian annihilators
  4 ironbound thunderhulks
  24 very ugly things
  5 formless jellyfish
  7 deep elf death magi
  5 vampire knights
  24 green draconians
  17 stone giants
  8 deep elf demonologists
  5 spark wasps
  14 dire elephants
  12 black draconians
  2 minotaurs (Shoals:4)
  A lorocyproca (Depths:1)
  3 war gargoyles
  18 white draconians
  7 deep elf annihilators
  13 purple draconians
  An orange crystal statue (WizLab)
  14 red draconians
  16 yellow draconians
  12 ettins
  3 eidola
  A merfolk javelineer (Depths:2)
  A crystal guardian (Vaults:2)
  A merfolk impaler (Shoals:4)
  7 jiangshi
  A quicksilver dragon zombie (Zot:1)
  4 ragged hierophants
  4 deep elf high priests
  2 entropy weavers
  10 fire dragons
  16 great orbs of eyes
  4 mummy priests (Crypt:3)
  A spriggan zombie (Crypt:2)
  27 vault guards
  13 yaktaur captains
  A rakshasa (Vaults:1)
  6 servants of whispers (Desolation)
  An ogre mage (Vaults:4)
  6 peacekeepers
  6 hydras
  A salamander tyrant (Snake:2)
  2 spriggan air magi
  2 merfolk avatars
  12 anacondas
  24 centaur warriors
  7 ice dragons
  6 death knights
  A hell beast (Depths:2)
  An Orb Guardian zombie (Crypt:2)
  A caustic shrike simulacrum (Crypt:2)
  2 ironbound frosthearts
  4 boulder beetles
  5 catoblepae
  4 two-headed ogres
  37 dancing weapons
  An alligator snapping turtle (Shoals:4)
  2 deep troll shamans
  3 merfolk aquamancers
  3 alligators
  An azure jelly zombie (Crypt:3)
  11 death yaks
  4 deep troll earth magi
  2 occultists
  The ghost of Splishie the Carver, a novice GnWn of Zin (D:9)
  15 naga sharpshooters
  11 satyrs
  12 spriggan berserkers
  6 tengu warriors
  7 orc high priests
  7 vampire magi
  2 hell knights (Depths:3)
  5 shock serpents
  2 sun demons
  22 deep elf knights
  Sonja (Orc:1)
  Nergalle (Lair:1)
  2 iron trolls
  24 naga warriors
  2 storm dragon zombies
  7 skysharks
  4 soul eaters
  28 skeletal warriors
  A fire crab (D:15)
  3 glowing orange brains (shapeshifter)
  2 salamander mystics
  The ghost of Lemondrips the Skirmisher, a novice CoHu of Hepliaklqana (D:7)
  2 ghost moth zombies
  5 glowing orange brains
  35 deep trolls
  9 mana vipers
  4 sea snakes
  A deep troll (shapeshifter) (Depths:2)
  An orb spider (shapeshifter) (Vaults:5)
  2 mana vipers (shapeshifter)
  An iron giant zombie (Crypt:3)
  2 obsidian statues
  3 flayed ghosts
  6 arcanists
  9 naga ritualists
  21 deep elf zephyrmancers
  9 lindwurms
  A fenstrider witch simulacrum (Crypt:1)
  9 phantasmal warriors
  6 thermic dynamos
  25 deep elf archers
  23 ironbound convokers
  2 shadow demons
  11 bog bodies
  16 necromancers
  16 orc knights
  A lightning spire (Zot:3)
  30 deep elf pyromancers
  7 orc sorcerers
  22 harpies
  4 oklob plants (Lair:4)
  A manticore (shapeshifter) (Depths:2)
  7 cyclopes
  22 salamanders
  A stone giant zombie (Crypt:1)
  A wolf spider (Lair:3)
  29 ugly things
  5 shining eyes
  12 manticores
  An iron dragon skeleton (Depths:2)
  22 fauns
  A meliai (shapeshifter) (Depths:1)
  17 guardian serpents
  27 moths of wrath
  4 merfolk sirens
  A stone giant skeleton (Crypt:2)
  16 vault sentinels
  A dire elephant zombie (Crypt:2)
  2 kobold blastminers
  13 naga magi
  An alligator snapping turtle zombie (Crypt:2)
  6 elephants (Lair:3)
  6 water nymphs
  A storm dragon simulacrum (Depths:2)
  A smoke demon (Depths:1)
  2 gargoyles
  A torpor snail (shapeshifter) (Vaults:5)
  2 torpor snails (Lair:5)
  49 black mambas
  A molten gargoyle (Vaults:3)
  A dire elephant skeleton (Crypt:2)
  3 eyes of devastation
  8 cane toads
  2 centaur skeletons
  8 komodo dragons
  3 hellions
  A rime drake (shapeshifter) (D:14)
  56 yaktaurs
  An unseen horror (shapeshifter) (D:13)
  4 rime drakes
  An efreet (D:14)
  6 freezing wraiths
  A large abomination (Elf:1)
  A hydra zombie (Crypt:3)
  A tormentor (D:5)
  A komodo dragon (shapeshifter) (Elf:1)
  2 tengu conjurers (Depths:2)
  2 queen bees (shapeshifter)
  10 merfolk
  A hellwing (Depths:3)
  31 guardian mummies (Crypt:3)
  8 trolls
  An iron troll skeleton (Crypt:1)
  A polar bear (shapeshifter) (D:15)
  A yellow draconian skeleton (Crypt:2)
  4 polar bears
  A moth of wrath zombie (Zot:1)
  7 hornets
  A harpy zombie (Crypt:2)
  37 saltlings
  4 wind drakes
  Prince Ribbit (Bailey)
  3 harpy skeletons
  8 glass eyes
  An ettin zombie (Crypt:2)
  5 snapping turtles
  11 blink frogs
  9 dream sheep
  5 air elementals
  2 centaur simulacra
  90 slime creatures
  2 spriggan skeletons
  6 spriggans
  A fire dragon skeleton (Crypt:1)
  3 wyverns
  12 wraiths
  A shadow (D:11)
  9 ushabtiu (Crypt:3)
  21 water elementals
  A yak (shapeshifter) (D:13)
  3 steam dragons
  76 yaks
  9 basilisks
  A vampire (D:13)
  7 fire elementals
  5 humans
  17 golden eyes
  5 hogs (D:14)
  2 redbacks (Vaults:1)
  3 wargs
  3 neqoxecs
  A small abomination (Depths:3)
  A glowing shapeshifter zombie (Depths:2)
  55 nagas
  4 hell hounds (Zot:4)
  A faun skeleton (Crypt:3)
  15 water moccasins
  A naga skeleton (Crypt:1)
  31 orc warriors
  A glowing shapeshifter skeleton (Crypt:3)
  3 black bears
  21 laughing skulls
  2 black mamba simulacra
  2 ice beasts (D:10)
  9 ogres
  17 centaurs
  9 wolves
  4 elf zombies (Elf:1)
  A snapping turtle skeleton (Crypt:1)
  5 kobold brigands
  29 bullfrogs
  A wyvern zombie (Crypt:1)
  A weeping skull (Ossuary)
  4 gnoll sergeants
  7 earth elementals
  4 scorpions
  6 water moccasin zombies (Ossuary)
  12 wights
  2 electric eels
  9 howler monkeys
  A howler monkey (shapeshifter) (Vaults:5)
  3 bombardier beetles
  A bullfrog zombie (Crypt:1)
  4 human zombies (Crypt:1)
  3 hounds
  12 jellies
  30 orc priests
  An iron imp (Depths:3)
  A spectral scorpion (Ossuary)
  A human skeleton (Crypt:1)
  8 iguanas
  A scorpion zombie (D:5)
  A basilisk skeleton (Crypt:1)
  17 orc wizards
  4 hell rats (Lair:5)
  3 crocodile zombies
  An ice beast zombie (Crypt:1)
  3 hound zombies (D:5)
  11 mummies
  16 adders
  2 howler monkey skeletons
  6 river rats (Lair:5)
  23 gnolls
  4 white imps
  2 ufetubi (D:6)
  2 adder skeletons (D:5)
  7 adder zombies
  A jelly zombie (Crypt:1)
  A dart slug (D:1)
  4 ribbon worms
  89 orcs
  4 ball pythons
  7 bats
  4 endoplasms
  3 giant cockroaches
  8 goblins
  13 hobgoblins
  3 jackals (D:3)
  29 kobolds
  5 quokkas
  2 frilled lizards
  8 gnoll zombies
  4 jackal zombies (Ossuary)
  A kobold skeleton (Crypt:2)
  3 orc zombies (Ossuary)
  A quokka skeleton (Crypt:1)
  10 rats
  16 butterflies (Vaults:3)
2770 creatures vanquished.

Vanquished Creatures (others)
  A spriggan skeleton (Crypt:2)
  2 deep elf knights
  A deep elf archer (Elf:2)
  A phantasmal warrior (Vaults:5)
  A large abomination (Elf:1)
  A quasit (Zot:3)
7 creatures vanquished.

Grand Total: 2777 creatures vanquished

Notes
Turn   | Place    | Note
-------+----------+-------------------------------------------
     0 | D:1      | mdonais the Draconian Wanderer began the quest for the Orb.
     0 | D:1      | mdonais set off with the following items: a +0 dagger, a +0
                  | sling, a wand of polymorph (5), a scroll of fog, 2
                  | datura-tipped darts, 2 atropa-tipped darts.
     0 | D:1      | Reached XP level 1. HP: 16/16 MP: 1/1
   293 | D:1      | Reached XP level 2. HP: 24/24 MP: 2/2
   521 | D:2      | You fall into a shaft and drop 2 floors!
   522 | D:4      | Noticed a scorpion
   550 | D:4      | Reached skill level 1 in Spellcasting
   550 | D:4      | Reached XP level 3. HP: 25/30 MP: 2/4
   669 | D:4      | Found a blossoming altar of Fedhas.
   713 | D:3      | Reached XP level 4. HP: 37/38 MP: 5/5
  1073 | D:2      | Noticed Sigmund
  1346 | D:2      | Reached XP level 5. HP: 47/47 MP: 6/6
  1520 | D:2      | Sigmund changed into Sigmund the bullfrog
  1520 | D:2      | Noticed Sigmund
  1532 | D:2      | Killed Sigmund the bullfrog
  1533 | D:2      | Reached skill level 1 in Short Blades
  1685 | D:3      | Reached skill level 5 in Fighting
  1762 | D:3      | Found Fozas's General Store.
  1775 | D:3      | Bought a scroll of identify for 26 gold pieces
  1775 | D:3      | Bought 2 potions of curing for 78 gold pieces
  2276 | D:4      | Reached XP level 6. HP: 52/56 MP: 7/7
  2907 | D:4      | Your scales start taking on an icy white colour.
  2907 | D:4      | Reached XP level 7. HP: 54/61 MP: 6/8
  2907 | D:4      | Gained mutation: Your flesh is cold resistant. (rC+) [White
                  | Draconian growth]
  3257 | D:5      | Entered Level 5 of the Dungeon
  3313 | D:5      | Found a sand-covered staircase.
  3338 | Ossuary  | Entered an ossuary
  3744 | Ossuary  | Reached XP level 8. HP: 72/73 MP: 7/9
  4000 | D:5      | Found a staircase to the Ecumenical Temple.
  4018 | Temple   | Entered the Ecumenical Temple
  4025 | Temple   | Became a worshipper of Warmaster Okawaru
  4118 | D:5      | Learned a level 2 spell: Jinxbite
  4484 | D:5      | Found Soynul's General Store.
  4490 | D:5      | Bought a potion of brilliance for 56 gold pieces
  4490 | D:5      | Bought a scroll of immolation for 56 gold pieces
  4490 | D:5      | Bought a scroll of identify for 28 gold pieces
  5093 | D:5      | Bought a scroll of enchant armour for 105 gold pieces
  5188 | D:6      | Reached skill level 5 in Ranged Weapons
  5333 | D:6      | Reached * piety under Okawaru
  5630 | D:6      | Found Eferchec's Armour Shop.
  5707 | D:6      | Reached XP level 9. HP: 75/79 MP: 8/12
  5922 | D:6      | Found a hazy altar of Hepliaklqana.
  5927 | D:6      | Found a stormy altar of Qazlal.
  5932 | D:6      | Found a shimmering altar of Xom.
  5932 | D:6      | Found a sacrificial altar of Ru.
  5939 | D:6      | Found a broken altar of Ashenzari.
  6210 | D:6      | Found an ancient bone altar of Kikubaaqudgha.
  6382 | D:6      | Reached skill level 1 in Invocations
  6738 | D:7      | Found a runed translucent gate.
  6739 | D:7      | Found a runed translucent gate.
  6740 | D:7      | Found a runed translucent gate.
  6744 | D:7      | Noticed a cyclops
  6745 | D:7      | Noticed Lemondrips's ghost (novice CoHu)
  6777 | D:7      | Noticed a +0 dagger
  6780 | D:7      | Noticed a +0 dagger
  6784 | D:7      | Found a hide-covered altar of Uskayaw.
  6891 | D:7      | Found a flagged portal.
  6900 | Bailey   | Entered a bailey
  6906 | Bailey   | Reached ** piety under Okawaru
  7247 | Bailey   | Noticed Prince Ribbit
  7247 | Bailey   | Noticed a vault guard
  7254 | Bailey   | Killed a vault guard
  7254 | Bailey   | Reached *** piety under Okawaru
  7255 | Bailey   | Reached XP level 10. HP: 47/88 MP: 6/13
  7264 | Bailey   | Killed Prince Ribbit
  7503 | Bailey   | Noticed a vault guard
  7510 | Bailey   | a vault guard changed into a catoblepas
  7510 | Bailey   | Noticed a catoblepas
  7517 | Bailey   | Killed a catoblepas
  7868 | D:7      | Got the Precepts of the Nocuous Deep Freeze
  8464 | D:7      | Reached skill level 10 in Ranged Weapons
  8559 | D:8      | Reached **** piety under Okawaru
  8628 | D:8      | Reached skill level 5 in Evocations
  8721 | D:8      | Found a staircase to the Lair.
  8920 | D:8      | Found a basalt altar of Yredelemnul.
  9047 | D:8      | Identified the +1 trident "Embalmer" {speed, Dex+6 Stlth+}
  9107 | D:8      | Found a radiant altar of Vehumet.
  9366 | D:9      | Found Neiz's Superior Scales.
  9368 | D:9      | Reached skill level 5 in Dodging
  9407 | D:8      | Reached XP level 11. HP: 21/97 MP: 14/14
  9791 | D:9      | Reached ***** piety under Okawaru
  9854 | D:9      | Noticed an obsidian statue
  9861 | D:9      | Killed an obsidian statue
  9861 | D:9      | Received a gift from Okawaru
  9862 | D:9      | Reached skill level 10 in Fighting
  9947 | D:9      | Found a sparkling altar of Nemelex Xobeh.
  9952 | D:9      | Found a snail-covered altar of Cheibriados.
  9978 | D:9      | Found a transporter.
  9995 | D:9      | Noticed a two-headed ogre
  9996 | D:9      | Noticed Splishie's ghost (novice GnWn)
 10025 | D:9      | Noticed a tengu warrior
 10028 | D:9      | Found a bloodstained altar of Trog.
 10035 | D:9      | Found a transporter.
 10481 | D:10     | Entered Level 10 of the Dungeon
 10899 | D:10     | Found a staircase to the Orcish Mines.
 11111 | D:10     | Noticed a green ugly thing
 11117 | D:10     | Killed a green ugly thing
 11377 | Lair:1   | Entered Level 1 of the Lair of Beasts
 11442 | Lair:1   | Reached skill level 5 in Invocations
 11456 | Lair:1   | Received a gift from Okawaru
 11661 | Lair:1   | Noticed Nergalle
 11666 | Lair:1   | Killed Nergalle
 11667 | Lair:1   | Reached XP level 12. HP: 86/110 MP: 12/15
 11841 | Lair:1   | Found an iron altar of Okawaru.
 12395 | Lair:2   | Received a gift from Okawaru
 12425 | Lair:2   | Noticed a boulder beetle
 12428 | Lair:2   | Killed a boulder beetle
 12787 | Lair:2   | Reached ****** piety under Okawaru
 12793 | Lair:2   | Acquired the scarf of Greed {rC+ rF+, rElec rPois rCorr
                  | Str+8}
 12793 | Lair:2   | Received a gift from Okawaru
 12834 | Lair:2   | Found a staircase to the Snake Pit.
 12933 | Lair:2   | Received a gift from Okawaru
 12990 | Lair:2   | Found a staircase to the Shoals.
 13395 | Lair:2   | Acquired a +1 longbow of draining
 13395 | Lair:2   | Received a gift from Okawaru
 13445 | Lair:3   | Noticed an eight-headed hydra
 13455 | Lair:3   | Killed an eight-headed hydra
 13456 | Lair:3   | Reached XP level 13. HP: 110/119 MP: 15/17
 13694 | Lair:3   | Received a gift from Okawaru
 14959 | Lair:4   | Received a gift from Okawaru
 15074 | Lair:4   | Found the +1 robe of Vines {NoPotionHeal Regen++++}
 15117 | Lair:4   | Found a staircase to the Slime Pits.
 15703 | Lair:5   | Entered Level 5 of the Lair of Beasts
 15762 | Lair:5   | Received a gift from Okawaru
 16249 | Lair:5   | Identified the +7 quarterstaff of Regicide {drain, rPois
                  | rF+ Str+3 Stlth+}
 16278 | Lair:5   | Received a gift from Okawaru
 16279 | Lair:5   | Reached skill level 10 in Dodging
 16382 | Lair:5   | Reached XP level 14. HP: 131/132 MP: 19/19
 16703 | Lair:5   | Received a gift from Okawaru
 16704 | Lair:5   | Reached skill level 5 in Stealth
 16984 | Lair:5   | Identified the ring "Fonevuky" {rC+ Int+6}
 17186 | Lair:5   | Identified the +5 ring mail of Maegitar {MP+9 Str+3}
 17801 | Orc:1    | Entered Level 1 of the Orcish Mines
 17939 | Orc:1    | Noticed Sonja
 17944 | Orc:1    | Killed Sonja
 18002 | Orc:1    | Found a roughly hewn altar of Beogh.
 18019 | Orc:2    | Entered Level 2 of the Orcish Mines
 18355 | Orc:1    | You fall into a shaft and drop 1 floor!
 18499 | Orc:2    | Found a staircase to the Elven Halls.
 18502 | Orc:2    | Received a gift from Okawaru
 18985 | Orc:2    | Reached skill level 15 in Fighting
 19055 | Orc:2    | Found Kischuy's Armour Shoppe.
 19058 | Orc:2    | Found Ipappuargh's Armour Shoppe.
 19059 | Orc:2    | Found Nuseo's Jewellery Shoppe.
 19060 | Orc:2    | Found Imme Wei's Magic Scroll Emporium.
 19866 | D:11     | Received a gift from Okawaru
 21222 | D:13     | Reached skill level 15 in Ranged Weapons
 21223 | D:13     | Reached XP level 15. HP: 141/141 MP: 21/21
 21513 | D:13     | Found a gate to the Vaults.
 21560 | D:13     | Found a portal to a secret trove of treasure.
 21618 | D:13     | Found a shadowy altar of Dithmenos.
 21832 | D:14     | Noticed Kirke
 21843 | D:14     | Killed Kirke
 21843 | D:14     | Received a gift from Okawaru
 22731 | D:14     | Found the +6 arbalest "Damnation" {damnation}
 22964 | D:15     | Entered Level 15 of the Dungeon
 23011 | D:15     | Received a gift from Okawaru
 23056 | D:15     | Found a staircase to the Depths.
 23879 | D:15     | Found a white marble altar of Elyvilon.
 24241 | Snake:1  | Entered Level 1 of the Snake Pit
 24263 | Snake:1  | Received a gift from Okawaru
 24864 | Snake:1  | Received a gift from Okawaru
 25104 | Snake:1  | Found Haajie's Jewellery Boutique.
 25108 | Snake:1  | Found Feotel's Book Shoppe.
 25109 | Snake:1  | Found Qygaceoxt's Jewellery Boutique.
 25197 | Snake:1  | Reached XP level 16. HP: 134/151 MP: 22/22
 25305 | Snake:1  | Found Carcheal's Tremendous Tomes.
 25628 | Snake:2  | Received a gift from Okawaru
 25899 | Snake:2  | Found a transporter.
 25899 | Snake:2  | Noticed Xuar's ghost (adept DjHW)
 25900 | Snake:2  | Found a transporter.
 26652 | Snake:2  | Received a gift from Okawaru
 27040 | Snake:3  | Identified a scroll of acquirement
 27041 | Snake:3  | Acquired 629 gold pieces
 28016 | Snake:4  | Entered Level 4 of the Snake Pit
 28043 | Snake:4  | Received a gift from Okawaru
 28390 | Snake:4  | Reached XP level 17. HP: 157/163 MP: 23/23
 28564 | Snake:4  | Received a gift from Okawaru
 28623 | Snake:4  | Found Geizim's Weapon Shop.
 28623 | Snake:4  | Found Ikam's Book Boutique.
 28625 | Snake:4  | Found Nurchitz's Armour Shop.
 28626 | Snake:4  | Found Ceub Hor's Distillery.
 28642 | Snake:4  | Bought a +2 hat of intelligence for 357 gold pieces
 28642 | Snake:4  | Bought the +1 pair of boots of Builiphou {Will++} for 518
                  | gold pieces
 29163 | Snake:4  | Identified the +2 quarterstaff "Ickoi" {heavy, *Corrode
                  | rPois rC+ Stlth+}
 29448 | Snake:4  | Received a gift from Okawaru
 29532 | Snake:4  | Got a serpentine rune of Zot
 29658 | Shoals:1 | Entered Level 1 of the Shoals
 29994 | Shoals:1 | Reached skill level 10 in Invocations
 30862 | Shoals:2 | Found Fauth's Mass Market.
 30946 | Shoals:2 | Noticed Polyphemus
 30953 | Shoals:2 | Killed Polyphemus
 31293 | Shoals:3 | Received a gift from Okawaru
 31555 | Shoals:3 | Reached skill level 15 in Dodging
 32022 | Shoals:4 | Entered Level 4 of the Shoals
 32142 | Shoals:4 | Received a gift from Okawaru
 32143 | Shoals:4 | Reached XP level 18. HP: 176/176 MP: 25/25
 32587 | Shoals:4 | Identified the +0 short sword "Xickyst" {speed, +Blink
                  | rPois Str+8 Dex-5}
 32667 | Shoals:4 | Received a gift from Okawaru
 32677 | Shoals:4 | Paralysed by a formless jellyfish for 1 turns
 32902 | Shoals:4 | Identified the +0 dire flail of Unreason {holy, rF+ Int+2}
 33024 | Shoals:4 | Got a barnacled rune of Zot
 33368 | Vaults:1 | Entered Level 1 of the Vaults
 33371 | Vaults:1 | Noticed Donald
 33798 | Elf:1    | Entered Level 1 of the Elven Halls
 33813 | Elf:1    | Found Plog's Magic Scroll Shop.
 33844 | Elf:1    | Received a gift from Okawaru
 33955 | Elf:1    | Received a gift from Okawaru
 34101 | Elf:1    | Identified the +2 cloak "Qilojaf" {^Contam Harm rPois
                  | rCorr}
 34700 | Elf:1    | Received a gift from Okawaru
 34825 | Elf:1    | Reached XP level 19. HP: 193/193 MP: 26/26
 34846 | Elf:1    | Got the Parchment of Cadavers
 35361 | Elf:2    | Found Copne Raqu's Weapon Shoppe.
 35869 | Elf:2    | Received a gift from Okawaru
 35877 | Elf:2    | Found a runed translucent gate.
 35878 | Elf:2    | Found a runed translucent gate.
 35878 | Elf:2    | Found a runed translucent gate.
 36528 | Elf:3    | Entered Level 3 of the Elven Halls
 36865 | Elf:3    | Received a gift from Okawaru
 37398 | Elf:3    | Noticed a Brimstone Fiend
 37961 | Elf:3    | Found Heas Sixyc's Assorted Antiques.
 37965 | Elf:3    | Bought an amethyst potion for 24 gold pieces
 38198 | Elf:3    | Identified the +1 war axe of Yviezuav {freeze, rCorr}
 38198 | Elf:3    | Identified the ring "Putocwuv" {Wiz +Blink Dex+2}
 38267 | Elf:3    | Identified the +8 flail of Desperation {freeze, Str+2}
 38280 | Elf:3    | Identified the +2 pair of boots of Grace {rC+ Dex+2}
 38288 | Elf:3    | Received a gift from Okawaru
 38387 | Elf:3    | Identified the staff "Jercheq" {Fly rElec rN+ Str-3 Conj
                  | Necro}
 38404 | Elf:3    | Identified the +3 rapier of Doom {flame, rN+++ Str-3 Int-2
                  | SInv}
 38453 | Elf:3    | Got the Papyrus of Decalescent Solvents
 38456 | Elf:3    | Identified the +1 cloak "Guokk" {rF+}
 38826 | Elf:3    | Reached XP level 20. HP: 152/206 MP: 27/27
 39074 | Orc:2    | Bought the ring of Womex {rN+ Int+4 SInv} for 519 gold
                  | pieces
 39436 | Vaults:1 | Killed Donald
 39775 | Vaults:1 | Found Riklun's Antique Weapon Emporium.
 40069 | Vaults:1 | Noticed Norris
 40074 | Vaults:1 | Killed Norris
 40161 | Vaults:1 | Received a gift from Okawaru
 40770 | Vaults:1 | Received a gift from Okawaru
 40863 | Vaults:1 | Found a transporter.
 40864 | Vaults:1 | Found a radiant altar of Vehumet.
 41132 | Vaults:1 | Upgraded the game from 0.32-a0-616-g9348d4545b to
                  | 0.32-a0-630-g46d191b0ed
 41372 | Vaults:2 | Identified the +6 flail of the Two Names {drain, rElec
                  | rPois Int-5 Dex-5}
 41919 | Vaults:2 | Received a gift from Okawaru
 42728 | Vaults:2 | Found a staircase to the Crypt.
 43145 | D:7      | Reached XP level 21. HP: 217/217 MP: 29/29
 43151 | D:7      | Killed Lemondrips's ghost
 43232 | D:9      | Killed Splishie's ghost
 43486 | Snake:2  | Killed Xuar's ghost
 43486 | Snake:2  | Received a gift from Okawaru
 43968 | Vaults:3 | Found Meqop's Book Shoppe.
 44024 | Vaults:3 | Found a crumbling gateway.
 44073 | Desolati | Entered the Desolation of Salt
 44200 | Desolati | Identified the ring of Makhleb's Supremacy {rCorr Str-4
                  | Int+3}
 44251 | Desolati | Found the +4 consecrated labrys {holy, Valiant ^Fragile Fly
                  | SInv}
 44259 | Desolati | Identified the +10 short sword of Plunder {freeze, rF+ rC-
                  | Dex+2 SInv}
 44271 | Desolati | Got the Grimoire of the Undead and the Winter
 44383 | Desolati | Got the Anthology of Tectonic Omens
 44474 | Desolati | Identified the staff of Zuir Vay {^Fragile rElec rCorr SInv
                  | Conj Air}
 44476 | Desolati | Identified the ring "Maim" {Fly rN+ Will+ rCorr}
 44824 | Vaults:3 | Received a gift from Okawaru
 44864 | Vaults:3 | Noticed a golden dragon
 44865 | Vaults:3 | Found a transporter.
 44867 | Vaults:3 | Found a transporter.
 44883 | Vaults:3 | Noticed a golden dragon
 44884 | Vaults:3 | Found a transporter.
 44901 | Vaults:3 | Found a transporter.
 44919 | Vaults:3 | Found a transporter.
 45826 | Vaults:3 | Found a huge runed translucent gate.
 45826 | Vaults:3 | Found a huge runed translucent gate.
 45826 | Vaults:3 | Found a huge runed translucent gate.
 45826 | Vaults:3 | Found a huge runed translucent gate.
 45826 | Vaults:3 | Found a huge runed translucent gate.
 45826 | Vaults:3 | Found a huge runed translucent gate.
 45826 | Vaults:3 | Found a huge runed translucent gate.
 45826 | Vaults:3 | Found a huge runed translucent gate.
 45826 | Vaults:3 | Found a huge runed translucent gate.
 45826 | Vaults:3 | Found a huge runed translucent gate.
 45828 | Vaults:3 | Found a huge runed translucent gate.
 45828 | Vaults:3 | Found a huge runed translucent gate.
 45829 | Vaults:3 | Found a huge runed translucent gate.
 45830 | Vaults:3 | Found a huge runed translucent gate.
 45831 | Vaults:3 | Found a huge runed translucent gate.
 45832 | Vaults:3 | Found a huge runed translucent gate.
 45833 | Vaults:3 | Found a huge runed translucent gate.
 45833 | Vaults:3 | Found a huge runed translucent gate.
 45838 | Vaults:3 | Found a huge runed translucent gate.
 45839 | Vaults:3 | Found a huge runed translucent gate.
 45839 | Vaults:3 | Found a huge runed translucent gate.
 45839 | Vaults:3 | Found a huge runed translucent gate.
 45839 | Vaults:3 | Found a huge runed translucent gate.
 45850 | Vaults:3 | Found a huge runed translucent gate.
 45850 | Vaults:3 | Found a huge runed translucent gate.
 45850 | Vaults:3 | Found a huge runed translucent gate.
 45850 | Vaults:3 | Found a huge runed translucent gate.
 45850 | Vaults:3 | Found a huge runed translucent gate.
 45854 | Vaults:3 | Found a huge runed translucent gate.
 45854 | Vaults:3 | Found a huge runed translucent gate.
 45854 | Vaults:3 | Found a huge runed translucent gate.
 45854 | Vaults:3 | Found a huge runed translucent gate.
 45856 | Vaults:3 | Found a huge runed translucent gate.
 45857 | Vaults:3 | Found a huge runed translucent gate.
 45858 | Vaults:3 | Found a huge runed translucent gate.
 45858 | Vaults:3 | Found a huge runed translucent gate.
 46415 | Vaults:4 | Received a gift from Okawaru
 46617 | Vaults:4 | Noticed Mara
 46635 | Vaults:4 | Killed Mara
 47006 | Vaults:4 | Received a gift from Okawaru
 47013 | Vaults:4 | Identified the +5 shortbow "Epasutt" {heavy, ^Fragile rF+
                  | Stlth+}
 47013 | Vaults:4 | Noticed Saint Roka
 47026 | Vaults:4 | Killed Saint Roka
 47387 | Vaults:4 | Reached XP level 22. HP: 232/232 MP: 30/30
 47430 | Vaults:4 | Received a gift from Okawaru
 47977 | Depths:1 | Entered Level 1 of the Depths
 48008 | Depths:1 | Found a gateway to Hell.
 48029 | Depths:1 | Found a magical portal.
 48044 | WizLab   | Entered Wucad Mu's Monastery
 48407 | WizLab   | Found the crystal ball of Wucad Mu {*channel}
 48702 | Depths:1 | Identified the +9 flail "Killer Klown's Curse" {venom,
                  | *Slow Str-3 Dex+7}
 48746 | Depths:1 | Found a one-way gate leading to the halls of Pandemonium.
 49409 | Depths:2 | Received a gift from Okawaru
 49471 | Depths:2 | Found Dengad's General Store.
 49478 | Depths:2 | Found a one-way gateway to a ziggurat.
 49489 | Depths:2 | Bought a potion of heal wounds for 105 gold pieces
 49489 | Depths:2 | Bought a scroll of fear for 84 gold pieces
 49514 | Depths:2 | Noticed a golden dragon
 49515 | Depths:2 | Noticed a caustic shrike
 49637 | Depths:2 | Killed a caustic shrike
 49659 | Depths:1 | Killed a golden dragon
 49663 | Depths:1 | Received a gift from Okawaru
 49762 | Depths:2 | Noticed a juggernaut
 49907 | Depths:2 | Killed a juggernaut
 50083 | Depths:2 | Identified the +3 war axe of Oroschugh {antimagic, rPois
                  | rN+ Dex+6}
 50121 | Depths:2 | Noticed a caustic shrike
 50128 | Depths:2 | Killed a caustic shrike
 50128 | Depths:2 | Received a gift from Okawaru
 50327 | Depths:2 | You fall into a shaft and drop 1 floor!
 50513 | Depths:3 | Found a one-way gate to the infinite horrors of the Abyss.
 51164 | Depths:3 | Received a gift from Okawaru
 51331 | Depths:3 | Noticed a caustic shrike
 51335 | Depths:3 | Killed a caustic shrike
 51336 | Depths:3 | Reached XP level 23. HP: 217/239 MP: 21/31
 51398 | Depths:3 | Noticed a caustic shrike
 51400 | Depths:3 | Killed a caustic shrike
 51418 | Depths:3 | Noticed a caustic shrike
 51422 | Depths:3 | Killed a caustic shrike
 51433 | Depths:3 | Received a gift from Okawaru
 51437 | Depths:3 | Noticed a caustic shrike
 51442 | Depths:3 | Killed a caustic shrike
 51586 | Depths:3 | Identified the +7 bardiche of Defiance {drain, *Rage Fly
                  | rPois rCorr}
 51654 | Depths:3 | Noticed a caustic shrike
 51660 | Depths:3 | Killed a caustic shrike
 51677 | Depths:3 | Identified the +7 war axe of Gienizue {drain, rN+ Dex+4}
 51853 | Depths:3 | Reached XP level 24. HP: 230/230 MP: 31/31
 52168 | D:13     | You paid a toll of 7 potions of haste to enter a treasure
                  | trove
 52169 | Trove    | Entered a treasure trove
 52259 | Trove    | Identified the +1 tower shield "Usteq" {Will++}
 52281 | Trove    | Identified the +4 pair of boots of the Unbroken {rPois
                  | Dex+2}
 52328 | Trove    | Identified the +0 helmet "Anlelip" {rF+ Dex+3 Slay+2}
 52617 | Crypt:1  | Entered Level 1 of the Crypt
 52889 | Crypt:1  | Received a gift from Okawaru
 52983 | Crypt:1  | Identified the orb of the Shrike {*channel, Rampage Int+5
                  | Dex-2 Ice}
 52983 | Crypt:1  | Noticed Frederick
 52990 | Crypt:1  | Killed Frederick
 53655 | Crypt:2  | Noticed Sojobo
 53906 | Crypt:2  | Received a gift from Okawaru
 53919 | Crypt:2  | Killed Sojobo
 54066 | Crypt:2  | Identified the +3 robe "Winih" {rElec Str-4 Slay-6 SInv}
 54066 | Crypt:2  | Noticed Boris
 54071 | Crypt:2  | Killed Boris
 54303 | Crypt:2  | Reached XP level 25. HP: 247/255 MP: 31/31
 54655 | Crypt:3  | Entered Level 3 of the Crypt
 54789 | Crypt:3  | Received a gift from Okawaru
 54917 | Crypt:3  | Identified the +4 robe of Beastly Liberty {Harm}
 54917 | Crypt:3  | Noticed Boris
 54922 | Crypt:3  | Killed Boris
 55147 | Crypt:3  | Found a staircase to the Tomb.
 55535 | Crypt:3  | Identified the ring of Meocki Quxac {rPois rF+ MP+9 Int+4
                  | Slay+3}
 55549 | Crypt:3  | Noticed a royal mummy
 55555 | Crypt:3  | Killed a royal mummy
 55555 | Crypt:3  | Received a gift from Okawaru
 55686 | Crypt:3  | Noticed Vv
 55698 | Crypt:3  | Killed Vv
 56266 | Crypt:3  | Identified the +4 chain mail of Icwas {Slay+5}
 56267 | Crypt:3  | Identified the staff "Ussilyc" {rPois Conj Alchemy}
 56654 | Depths:4 | Entered Level 4 of the Depths
 57265 | Depths:4 | Found a shimmering altar of Xom.
 57470 | Depths:4 | Found a gate to the Realm of Zot.
 58194 | Slime:1  | Entered Level 1 of the Pits of Slime
 58237 | Slime:2  | Received a gift from Okawaru
 58238 | Slime:2  | Gained mutation: Your body sometimes deteriorates upon
                  | taking damage. [a shining eye]
 58509 | Slime:5  | Entered Level 5 of the Pits of Slime
 58760 | Slime:5  | Noticed the Royal Jelly
 58773 | Slime:5  | Killed the Royal Jelly
 58938 | Slime:5  | Identified the +1 leather armour of Evolution {*Slow +Inv
                  | rN+ Int+3}
 58985 | Slime:5  | Got a slimy rune of Zot
 58989 | Slime:5  | Identified the amulet of Hiry {rN+ Regen+ Dex+2}
 59037 | Slime:5  | Reached XP level 26. HP: 264/264 MP: 31/31
 59080 | Slime:5  | Identified the +11 sling "Cisk" {heavy, Int+3}
 59148 | Slime:5  | Identified the staff of Xaujeuwk {Str+5 Int-4 Earth}
 59578 | Slime:4  | Received a gift from Okawaru
 61415 | Vaults:5 | Entered Level 5 of the Vaults
 61450 | Vaults:5 | Received a gift from Okawaru
 61459 | Vaults:5 | Reached skill level 27 in Ranged Weapons
 61593 | Vaults:4 | Reached skill level 27 in Fighting
 61990 | Vaults:5 | Noticed a dread lich
 62004 | Vaults:5 | Killed a dread lich
 62004 | Vaults:5 | Received a gift from Okawaru
 62313 | Vaults:5 | Found Forus's Weapon Shoppe.
 62382 | Vaults:5 | Noticed Xtahua
 62396 | Vaults:5 | Killed Xtahua
 62642 | Vaults:5 | Found Fihiax's Distillery.
 62647 | Vaults:5 | Bought a potion of ambrosia for 120 gold pieces
 62647 | Vaults:5 | Bought a potion of curing for 45 gold pieces
 62647 | Vaults:5 | Bought a potion of curing for 45 gold pieces
 62647 | Vaults:5 | Bought a potion of curing for 45 gold pieces
 62647 | Vaults:5 | Bought a potion of heal wounds for 75 gold pieces
 62647 | Vaults:5 | Bought a potion of heal wounds for 75 gold pieces
 62647 | Vaults:5 | Bought a potion of enlightenment for 75 gold pieces
 62689 | Vaults:5 | Received a gift from Okawaru
 62723 | Vaults:5 | Found Ofunt's Magic Scroll Emporium.
 62728 | Vaults:5 | Bought a scroll of teleportation for 48 gold pieces
 62728 | Vaults:5 | Bought a scroll of teleportation for 48 gold pieces
 62745 | Vaults:5 | Found Duut's Magic Scroll Shoppe.
 62750 | Vaults:5 | Bought a scroll of fear for 68 gold pieces
 62750 | Vaults:5 | Bought a scroll of blinking for 127 gold pieces
 62750 | Vaults:5 | Bought a scroll of fog for 68 gold pieces
 62762 | Vaults:5 | Got a silver rune of Zot
 62849 | Vaults:5 | Found Fale's Magic Scroll Emporium.
 62854 | Vaults:5 | Bought a scroll of teleportation for 51 gold pieces
 62854 | Vaults:5 | Bought a scroll of revelation for 127 gold pieces
 63376 | Zot:1    | Entered Level 1 of the Realm of Zot
 63376 | Zot:1    | Noticed an ancient lich
 63390 | Depths:4 | Killed an ancient lich
 63633 | Zot:1    | Reached XP level 27. HP: 270/273 MP: 31/31
 63779 | Zot:1    | Received a gift from Okawaru
 64163 | Zot:1    | Received a gift from Okawaru
 64601 | Zot:2    | Noticed an orb of fire
 64610 | Zot:2    | Gained mutation: You are dopey. (Int -2) [an orb of fire]
 64611 | Zot:2    | Gained mutation: You sometimes lose your temper in combat.
                  | [an orb of fire]
 64612 | Zot:2    | Killed an orb of fire
 64903 | Zot:2    | Received a gift from Okawaru
 65770 | Zot:3    | Identified the ring "Qeadoxot" {Fly rC+ Int+4}
 65938 | Zot:2    | Received a gift from Okawaru
 66640 | Zot:3    | Identified the ring of Conformity {rPois Will+ Dex+3}
 67038 | Zot:4    | Received a gift from Okawaru
 67122 | Zot:4    | Reached skill level 27 in Dodging
 67425 | Zot:4    | Received a gift from Okawaru
 67607 | Zot:4    | Noticed Parghit
 67808 | Zot:5    | Entered Level 5 of the Realm of Zot
 67985 | Zot:5    | Received a gift from Okawaru
 68225 | Zot:5    | Noticed a dread lich
 68238 | Zot:5    | Killed a dread lich
 68242 | Zot:5    | Noticed an orb of fire
 68250 | Zot:5    | Gained mutation: You do not regenerate when monsters are
                  | visible. [an orb of fire]
 68251 | Zot:5    | Killed an orb of fire
 68252 | Zot:5    | Reached skill level 15 in Invocations
 68336 | Zot:5    | Noticed an orb of fire
 68338 | Zot:5    | Noticed an orb of fire
 68340 | Zot:5    | Gained mutation: Your magical capacity is low. (-10% MP)
                  | [an orb of fire]
 68346 | Zot:5    | Killed an orb of fire
 68346 | Zot:5    | Killed an orb of fire
 68361 | Zot:5    | Received a gift from Okawaru
 68463 | Zot:5    | Noticed an orb of fire
 68473 | Zot:5    | Gained mutation: Your health recovers twice as slowly from
                  | being drained. [an orb of fire]
 68474 | Zot:5    | Killed an orb of fire
 68545 | Zot:5    | Noticed an orb of fire
 68550 | Zot:5    | Killed an orb of fire
 69004 | Zot:5    | Got the Orb of Zot
 69117 | Zot:3    | Noticed Dyck the pandemonium lord
 69119 | Zot:3    | Received a gift from Okawaru
 69272 | Depths:3 | Noticed Fiarirgh the pandemonium lord
 69289 | Depths:3 | Killed Fiarirgh the pandemonium lord
 69661 | D:$      | Escaped with the Orb!

Illustrated notes

Levels and vault maps discovered:
D:1:      co_arrival_hexagon_in_a_hexagon, layout_rooms
D:2:      layout_rooms, serial_curves, eino_curves_01, eino_curves_03,
          uniq_sigmund
D:3:      layout_loops_ring, serial_shops, shop
D:4:      layout_loops_ring, fedhas_ov_isle_minmay, serial_co_window_serial,
          co_window_paths_a, co_window_corner_a, co_window_corner_a,
          co_window_paths_a, co_window_paths_b, co_window_cross_3,
          co_window_corner_ca, co_window_2corner, co_window_2corner,
          glass_columns_b
D:5:      layout_layer_cave, minmay_temple_entry_wispy,
          mainiacjoe_ossuary_entry_find_the_door, serial_shops, shop
D:6:      cheibrodos_thug_alley, layout_loops_ring,
          nicolae_overflow_hallway_of_the_gods, kiku_gazebo_garden_becter,
          serial_shops, nicolae_shop_tiny_real_fake_doors, chequers_avenue,
          chequers_serial_rivers_room_b
D:7:      layout_loops_corners, dancing_weapons_uskayaw, gammafunk_ghost_split,
          enter_bailey_3
D:8:      layout_basic, nicolae_vehumet_radiance, lemuel_coloured_pillars_altar,
          due_lair_maze_entry_diamond, uniq_prince_ribbit1
D:9:      layout_roguey [special_room_orc], jmf_multi_god_temple2,
          gammafunk_ghost_wrathful_warriors, minivault_16, hellmonk_scale_shop
D:10:     layout_loops_ring, orc_0_dummy, serial_ice, serial_ice_o,
          serial_ice_b, serial_ice_c, serial_ice_h,
          nicolae_twisty_statue_hallways
D:11:     layout_loops_corners
D:12:     layout_loops_ring, serial_bayou_pond_a
D:13:     layout_loops_corners, david_vaults_2, nicolae_trove_entry_crystal,
          nicolae_dithmenos_through_a_glass_darkly
D:14:     layout_cave_pools, chequers_serial_rivers_small_b,
          hellmonk_guarded_unrand_damnation, uniq_kirke
D:15:     hangedman_depths_entry_civil_slaughter, layout_gridville,
          minmay_misc_feat_ornament, minmay_ruined_shrine
Temple:   hellmonk_temple_micro_hex
Lair:1:   layout_hall_layers, basic_altar, grunt_megastairs_5, uniq_nergalle
Lair:2:   layout_loops_ring, elwin_shoals_entry_rooms,
          guppyfry_snake_entry_garden
Lair:3:   minmay_lair_venomous_thicket, layout_loops_ring, serial_bayou_shore_a
Lair:4:   layout_regular_city, minmay_slime_entry_oklob_open,
          hellmonk_guarded_unrand_vines
Lair:5:   evilmike_catoblepas_cave, layout_small_grid,
          kennysheep_abandoned_house, grunt_megastairs_2
Shoals:1: layout_shoals, centaur_isle
Shoals:2: layout_shoals, minmay_shop_mass, uniq_polyphemus
Shoals:3: layout_shoals
Shoals:4: shoals_end_hellmonk_lost_city
Snake:1:  layout_misc_corridors, nicolae_shop_i_like_big_books,
          minmay_shop_grove
Snake:2:  layout_layer_cave, gammafunk_ghost_arena
Snake:3:  layout_misc_corridors
Snake:4:  grunt_snake_rune_pools, layout_onion, serial_bayou_crossing,
          minmay_shoptagon
Slime:1:  layout_caves
Slime:2:  layout_caves
Slime:3:  nicolae_slime_jelly_donut, layout_caves
Slime:4:  layout_caves
Slime:5:  slime_pit_nicolae_block_by_block
Orc:1:    layout_caves, minmay_orc_temple_a, uniq_sonja
Orc:2:    st_orc_pillars, layout_diamond_mine, nicolae_orc_found_a_spring
Elf:1:    minmay_the_grid_square_5x5_5x5 [minmay_the_grid_square_5x5_misaligned,
          minmay_the_grid_square_5x5_moneybag,
          minmay_the_grid_square_5x5_two_walls_b,
          minmay_the_grid_square_5x5_three_walls,
          minmay_the_grid_square_5x5_three_small,
          minmay_the_grid_square_5x5_forky,
          minmay_the_grid_square_5x5_prize_rear_guard,
          minmay_the_grid_square_5x5_bite,
          minmay_the_grid_square_5x5_prize_itemx,
          minmay_the_grid_square_5x5_almost_minimal,
          minmay_the_grid_square_5x5_three, minmay_the_grid_square_5x5_fat_x,
          minmay_the_grid_square_5x5_prize_monsterx,
          minmay_the_grid_square_5x5_checkered_statues,
          minmay_the_grid_square_5x5_pentomino_r,
          minmay_the_grid_square_5x5_inverted_slash,
          minmay_the_grid_square_5x5_prize_gold,
          minmay_the_grid_square_5x5_longway,
          minmay_the_grid_square_5x5_prize_pseudospiral,
          minmay_the_grid_square_5x5_v, minmay_the_grid_square_5x5_z,
          minmay_the_grid_square_5x5_spiral, minmay_the_grid_square_5x5_inner_v,
          minmay_the_grid_square_5x5_two_walls_a,
          minmay_the_grid_square_5x5_two_small], layout_loops_cross,
          serial_shops, nicolae_shop_competitors_out_of_business,
          minmay_elf_necromancy, lemuel_flame_loot_1
Elf:2:    nicolae_elf_blades_crystal_corner, layout_geoelf_diagonals,
          serial_shops, nicolae_lakefront_shop, lemuel_flamethrower_hall
Elf:3:    grunt_elf_hall_spiral, layout_loops_corners, serial_shops,
          nicolae_shop_back_alley_shop
Vaults:1: hangedman_vaults_nails, gammafunk_sealed_library,
          nicolae_vaults_spaceships, nicolae_vaults_storage_closets_2,
          hangedman_vaults_hat, nicolae_vaults_apartment_1,
          nicolae_vaults_meiosis, hangedman_vaults_stitches, v_alt_pattern_3,
          v_misc_22, layout_vaults_maze, serial_shops, shop, uniq_norris,
          uniq_donald
Vaults:2: hangedman_vaults_locks, nicolae_vaults_network_star,
          nicolae_vaults_tetromino_T_1, v_misc_33, blue_anna_dwarven_crypt,
          hangedman_vaults_slice, lightli_orcish_oven, layout_vaults_omnigrid
Vaults:3: portal_desolation_entry_salt, nicolae_vaults_puzzle_piece,
          not_door_vault_mu, nicolae_vaults_little_squares_3, vaults_dpeg_ring,
          vaults_room_grid, v_pattern_1, nicolae_vaults_apartment_2, v_misc_2,
          gammafunk_the_bubble [the_bubble_gammafunk_roulette],
          vaults_standard_mumra_x, nicolae_vaults_six-pack,
          nicolae_vaults_twisting_passages, nicolae_vaults_storage_room_doors,
          nicolae_vaults_trapezoid_2, layout_vaults_omnicross, serial_shops,
          shop_statue
Vaults:4: v_alt_pattern_4, nicolae_vaults_more_shelving_1,
          nicolae_vaults_fighting_squares, v_misc_4, grunt_vaults_trifunnel,
          v_rooms_2, nicolae_vaults_closet_pinwheel_4, minmay_orc_keep,
          nicolae_vaults_shelves_hall, layout_vaults_omnibox, uniq_mara,
          uniq_saint_roka
Vaults:5: uniq_xtahua
Crypt:1:  layout_basic, grunt_crypt_arrival_guarded_gate, uniq_frederick
Crypt:2:  layout_chaotic_city, roderic_lattice_octagonal_star, uniq_sojobo,
          uniq_boris
Crypt:3:  due_elkab, layout_chaotic_city, uniq_vv
Depths:1: layout_cave_pools, serial_bayou_pond_d, grunt_pan_entry_in_and_out,
          infiniplex_enter_wizlab_water, hell_entry, minivault_10,
          kennysheep_another_room, solitary_fountain, kilobyte_mutagenic_chamber
Depths:2: minmay_central_circle, layout_cave_pools, enter_ziggurat_e,
          rand_demon_pan_entry_9, hell_entry, serial_shops,
          nicolae_shop_hallway_plus
Depths:3: nicolae_herringbone, layout_gridlike, hell_entry,
          hangedman_abyss_entry_splay, minivault_11, serial_bayou_shore_b,
          infiniplex_staircase_pool_lava
Depths:4: grunt_twist_and_shout, layout_gridlike, hell_entry, abyss_entry,
          xom_teletrap_fun
Zot:1:    hangedman_snap_crack_crunch, layout_cathedral_of_symmetry,
          bh_zot_ikea_curve, grunt_ministairs_8
Zot:2:    layout_gridlike, hangedman_zot_decor_scrapings
Zot:3:    regret_index_malice_mire, layout_onion_interference,
          amethyst_zot_foddershock
Zot:4:    layout_cellular_growth, grunt_megastairs_4, uniq_parghit
Zot:5:    layout_basic, grunt_ministairs_12, st_stairs_4

Skill      XL: |  1  2  3  4  5  6  7  8  9 10 11 12 13 14 15 16 17 18 19 20 21 22 23 24 25 26 27 |
---------------+----------------------------------------------------------------------------------+-----
Fighting       | 2 3 4 5 7 8 9 11 12 14 15 16 18 19 22 23 25 26 27 | 27.0
Throwing       | 2 |  2.0
Spellcasting   | 1 2 |  2.0
Short Blades   | 2 |  2.0
Ranged Weapons | 2 4 5 8 10 11 12 14 15 17 18 19 22 23 24 26 27 | 27.0
Dodging        | 2 4 5 6 8 10 11 12 15 17 18 19 20 22 24 27 | 27.0
Evocations     | 3 4 5 9 |  9.8
Hexes          | 3 4 |  4.0
Invocations    | 3 5 6 7 8 9 10 11 19 | 19.1
Stealth        | 4 6 8 |  8.0

Action                     |  1- 3 |  4- 6 |  7- 9 | 10-12 | 13-15 | 16-18 | 19-21 | 22-24 | 25-27 || total
---------------------------+-------+-------+-------+-------+-------+-------+-------+-------+-------++-------
  Melee: Dagger            |    12 |   116 |   537 |       |       |       |       |       |       ||   665
         Tailslap          |     6 |    35 |    95 |       |       |       |       |       |       ||   136
         Rapier            |    17 |       |       |       |       |       |       |       |       ||    17
         Quarterstaff      |     7 |    50 |       |       |       |       |       |       |       ||    57
         Longbow           |       |       |       |       |     7 |       |       |       |       ||     7
   Fire: Sling             |    34 |   105 |   110 |       |       |       |       |       |       ||   249
         Orcbow            |       |       |    80 |   518 |       |       |       |       |       ||   598
         Shortbow          |       |       |    26 |       |       |       |       |       |       ||    26
         Longbow           |       |       |       |    13 |   786 |       |    11 |       |       ||   810
         Arbalest          |       |       |       |       |   193 |   907 |  1038 |   964 |  1914 ||  5016
   Cast: Jinxbite          |       |       |    27 |     5 |       |       |       |       |       ||    32
 Invoke: Heroism           |       |       |     1 |     7 |     5 |     2 |       |     1 |     3 ||    19
         Receive Weapon    |       |       |       |     1 |       |       |       |       |       ||     1
         Receive Armour    |       |       |       |     1 |       |       |       |       |       ||     1
         Finesse           |       |       |       |       |     2 |     2 |     2 |     2 |     6 ||    14
Ability: Glacial Breath    |       |       |     3 |     1 |       |       |       |       |       ||     4
  Evoke: Wand              |       |     1 |     2 |     4 |       |       |       |       |       ||     7
         Tin of tremorston |       |       |       |       |       |       |       |     2 |       ||     2
    Use: Scroll            |       |     2 |    12 |     4 |    12 |     6 |     2 |    10 |    13 ||    61
         Potion            |       |       |     3 |       |       |     1 |       |     1 |     6 ||    11
   Stab: Sleeping          |     1 |       |     5 |       |       |       |       |       |       ||     6
 Armour: Skin              |    23 |    84 |   271 |   123 |   295 |   165 |   178 |   284 |   518 ||  1941
  Dodge: Dodged            |    25 |    77 |   378 |   230 |   506 |   281 |   454 |   708 |  1777 ||  4436
  Block: Other             |       |       |       |    47 |   100 |    56 |    61 |    15 |       ||   279
         Reflection        |       |       |       |     2 |    13 |    24 |    19 |       |       ||    58

Table legend: (Time is in decaauts)
 A = Elapsed time spent in this place.
 B = Non-inter-level travel time spent in this place.
 C = Inter-level travel time spent in this place.
 D = Time resting spent in this place.
 E = Time spent auto-exploring this place.
 F = Levels seen in this place.
 G = Mean time per level.
                   A        B        C        D        E       F      G
               +--------+--------+--------+--------+--------+-----+--------+
         Total |  70413 |  62530 |   7883 |   5286 |  41723 |  61 | 1154.3 |
       Dungeon |  17566 |  15246 |   2320 |   1229 |  11029 |  15 | 1171.1 |
        Temple |     14 |      8 |      6 |      0 |      0 |   1 |   14.0 |
          Lair |   7243 |   6506 |    737 |    328 |   4935 |   5 | 1448.6 |
        Shoals |   3735 |   3481 |    254 |    515 |   2145 |   4 |  933.8 |
     Snake Pit |   5348 |   4786 |    562 |    814 |   2894 |   4 | 1337.0 |
    Slime Pits |   2792 |   2507 |    285 |    151 |   1596 |   5 |  558.4 |
  Orcish Mines |   1736 |   1510 |    226 |      0 |   1036 |   2 |  868.0 |
   Elven Halls |   5362 |   4999 |    363 |    632 |   3162 |   3 | 1787.3 |
        Vaults |   9303 |   7409 |   1894 |     39 |   5744 |   5 | 1860.6 |
         Crypt |   3557 |   3306 |    251 |    197 |   2138 |   3 | 1185.7 |
        Depths |   5340 |   4701 |    639 |    228 |   3200 |   4 | 1335.0 |
           Zot |   5677 |   5337 |    340 |    587 |   3135 |   5 | 1135.4 |
         Trove |    170 |    170 |      0 |      0 |     59 |   1 |  170.0 |
       Ossuary |    444 |    444 |      0 |      0 |    176 |   1 |  444.0 |
        Bailey |    816 |    816 |      0 |    450 |      0 |   1 |  816.0 |
        Wizlab |    629 |    629 |      0 |     94 |    251 |   1 |  629.0 |
    Desolation |    673 |    673 |      0 |     22 |    220 |   1 |  673.0 |
               +--------+--------+--------+--------+--------+-----+--------+

Top non-repeatable levels by time:
Vaults:2: 2373 daAuts
   Elf:2: 2106 daAuts
    D:13: 2099 daAuts
Vaults:1: 2048 daAuts
Vaults:4: 1962 daAuts
  Lair:5: 1826 daAuts
Vaults:3: 1762 daAuts
 Snake:2: 1751 daAuts
Depths:3: 1711 daAuts
 Crypt:3: 1700 daAuts
  Lair:2: 1639 daAuts
   Elf:1: 1629 daAuts
   Elf:3: 1626 daAuts
     D:6: 1528 daAuts
Depths:4: 1514 daAuts
